 Dungeon Crawl Stone Soup version 0.30-a0-358-g0d69a1922f (webtiles) character file.

Game seed: 16282399101094496368

247 Maxmaps the Changer (level 6, -1/38 HPs)
             Began as an Octopode Transmuter on Nov 10, 2022.
             Succumbed to Ijyb's poison
             ... on level 4 of the Dungeon.
             The game lasted 00:04:06 (2380 turns).

Maxmaps the Changer (Octopode Transmuter)           Turns: 2380, Time: 00:04:06

Health: -1/38      AC:  2    Str:  9    XL:     6   Next: 11%
Magic:  10/10      EV: 20    Int: 17    God:
Gold:   198        SH:  0    Dex: 24    Spells: 7/11 levels left

rFire   . . .      SeeInvis .      - Unarmed
rCold   . . .      Faith    .    (shield currently unavailable)
rNeg    . . .      Spirit   .    (helmet currently unavailable)
rPois   x          Reflect  .    (no amulet)
rElec   .          Harm     .    d - +6 ring of dexterity
rCorr   .          Rampage  .    (no ring)
Will    .....                    (no ring)
Stlth   +.........               (no ring)
HPRegen 0.26/turn                (no ring)
MPRegen 0.12/turn                (no ring)
                                 (no ring)
                                 (no ring)

@: confused, lethally poisoned (-1 -> -29), spider-form, ambrosia-drunk
A: venomous fangs, almost no armour, (amphibious), 8 rings, tiny, (camouflage
1), (gelatinous body 1), (nimble swimmer 1), (tentacles)
a: End Transformation


You were on level 4 of the Dungeon.
You were a venomous arachnid creature.
You visited 1 branch of the dungeon, and saw 4 of its levels.

You collected 198 gold pieces.

Inventory:

Jewellery
 d - a +6 ring of dexterity (left front leg)
 h - a ring of ice
Wands
 n - a wand of iceblast (3)
Scrolls
 c - a scroll of identify
 e - a scroll of enchant armour
 o - a scroll of acquirement {unknown}
Potions
 a - a potion of lignification
 i - a potion of attraction
 l - a potion of brilliance
 q - a potion of flight


   Skills:
 - Level 1.0 Fighting
 - Level 2.0 Dodging
 - Level 3.0 Unarmed Combat
 - Level 3.2 Spellcasting
 - Level 4.7 Transmutations
 + Level 2.9 Poison Magic


You had 7 spell levels left.
You knew the following spells:

 Your Spells              Type           Power      Damage    Failure   Level
a - Beastly Appendage     Tmut           38%        N/A       9%          1
b - Spider Form           Tmut/Pois      15%        N/A       26%         3

Your spell library contained the following spells:

 Spells                   Type           Power      Damage    Failure   Level
 Wereblood                Tmut           19%        N/A       12%         2
 Olgreb's Toxic Radiance  Pois           12%        N/A       67%         4
 Ice Form                 Ice/Tmut       10%        N/A       75%         4
 Ozocubu's Refrigeration  Ice            1%         4d7       100%        7
 Ignition                 Fire           1%         3d3       100%        8


Dungeon Overview and Level Annotations

Branches:
Dungeon (4/15)
 Temple: D:4-7

Altars:

Annotations:
D:4 Ijyb


Innate Abilities, Weirdness & Mutations

You are a venomous arachnid creature.
You have poisonous fangs.
You are tiny and dextrous.
Your spellcasting is less reliable in this form.
Your armour is entirely melded.
You are incapable of wielding weapons or throwing items.
You cannot wear most types of armour.
((You are amphibious.))
You can wear up to eight rings at the same time.
((Your skin changes colour to match your surroundings (Stealth+).))
((Your rubbery body absorbs attacks. (AC +1, EV +1)))
((You are camouflaged when in or above water. (Stealth+)))
((You have tentacles for arms and can constrict up to eight enemies at once.))


Message History

You hit the endoplasm.
The endoplasm is heavily wounded.
The endoplasm freezes you.
You are frozen.
You hit the endoplasm.
You kill the endoplasm!
You closely miss the jackal. The jackal completely misses you.
A ball python comes into view.
You barely miss the jackal. The jackal bites you. The jackal misses you.
You bite Ijyb!
Ijyb is poisoned.
Ijyb is moderately wounded.
Ijyb hits you with a +2 dagger of venom.
You are poisoned.
The jackal bites you.
You hit the jackal.
The jackal is almost dead.
You feel very sick. The jackal closely misses you.
Ijyb hits you with a +2 dagger of venom.
The jackal completely misses you.
Unknown command.
You hit Ijyb but do no damage.
Ijyb looks as sick as possible!
Ijyb is moderately wounded.
You feel very sick.
Ijyb hits you with a +2 dagger of venom.
* * * LOW HITPOINT WARNING * * *
You are more poisoned.
The jackal bites you.
* * * LOW HITPOINT WARNING * * *
You hit Ijyb.
Ijyb looks as sick as possible!
Ijyb is heavily wounded.
* * * LOW HITPOINT WARNING * * *
You feel extremely sick. Ijyb screams, "I no like you!"
Ijyb closely misses you.
A black bear comes into view.
The jackal misses you.
You are confused.
You feel invigorated.
You die...

# .# ..#
.. #
####.#....
#.hS..h#
#s##......
#g# .....
... #.#.
.#..# ..
#.#.## . .
#.# ## #.#
##. .


You could see a black bear (wandering), Ijyb (extremely poisoned), a jackal and
a ball python.

Vanquished Creatures
  Sigmund (D:3)
  Robin (D:2)
  A worm (D:2)
  An orc (D:2)
  8 bats
  4 endoplasms
  2 giant cockroaches (D:2)
  12 goblins
  16 hobgoblins
  2 jackals (D:2)
  3 quokkas (D:2)
  8 ball pythons
  4 frilled lizards
  3 kobolds
  7 rats
73 creatures vanquished.

Notes
Turn   | Place    | Note
-------+----------+-------------------------------------------
     0 | D:1      | Maxmaps the Octopode Transmuter began the quest for the
                  | Orb.
     0 | D:1      | Reached XP level 1. HP: 13/13 MP: 3/3
   130 | D:1      | Reached XP level 2. HP: 12/18 MP: 3/5
   518 | D:1      | Reached XP level 3. HP: 18/23 MP: 7/7
   522 | D:1      | Learned a level 3 spell: Spider Form
   933 | D:2      | Found a faded altar of an unknown god.
  1315 | D:2      | Noticed Robin
  1330 | D:2      | Reached skill level 3 in Transmutations
  1335 | D:2      | Reached XP level 4. HP: 11/28 MP: 5/8
  1347 | D:2      | HP: 1/28 [goblin/+0 dagger[Robin] (4)]
  1487 | D:2      | Killed Robin
  1488 | D:2      | Reached skill level 1 in Poison Magic
  2035 | D:3      | Noticed Sigmund
  2051 | D:3      | Killed Sigmund
  2052 | D:3      | Reached skill level 4 in Transmutations
  2052 | D:3      | Reached XP level 5. HP: 33/33 MP: 5/9
  2052 | D:3      | Reached XP level 6. HP: 38/38 MP: 5/10
  2369 | D:4      | Noticed Ijyb
  2379 | D:4      | Noticed a black bear
  2380 | D:4      | Succumbed to Ijyb's poison

Illustrated notes

Levels and vault maps discovered:
D:1:      lightli_arrival_maybe_door_vault, layout_loops_ring
D:2:      layout_rooms, shapermc_ecumenical_altar_acropolis, uniq_robin
D:3:      layout_loops_ring, uniq_sigmund
D:4:      layout_loops_cross, minmay_temple_entry_statues_fountains,
          gammafunk_ghost_mausoleum, gup_ossuary_entry_pyramid, uniq_edmund,
          uniq_ijyb

Skill      XL: |  1  2  3  4 |
---------------+-------------+-----
Spellcasting   | 3 |  3.2
Transmutations | 3 4 |  4.7
Poison Magic   | 2 |  2.9
Fighting       | |  1.0
Dodging        | |  2.0
Unarmed Combat | |  3.0

Action                   |  1- 3 |  4- 6 || total
-------------------------+-------+-------++-------
Melee: Unarmed           |   114 |    59 ||   173
       Constrict         |    29 |    13 ||    42
       Tentacles         |    20 |    11 ||    31
       Punch             |     4 |       ||     4
       Kick              |       |     7 ||     7
 Cast: Spider Form       |     1 |     2 ||     3
       Beastly Appendage |       |     2 ||     2
  Use: Potion            |       |     2 ||     2
       Scroll            |       |    11 ||    11
 Stab: Sleeping          |    10 |     4 ||    14
       Distracted        |     1 |       ||     1
Armor: Skin              |    17 |     4 ||    21
Dodge: Dodged            |    74 |    45 ||   119

Table legend: (Time is in decaauts)
 A = Elapsed time spent in this place.
 B = Non-inter-level travel time spent in this place.
 C = Inter-level travel time spent in this place.
 D = Time resting spent in this place.
 E = Time spent auto-exploring this place.
 F = Levels seen in this place.
 G = Mean time per level.
                   A        B        C        D        E       F      G
               +--------+--------+--------+--------+--------+-----+--------+
         Total |   2368 |   2299 |     69 |    196 |   1592 |   4 |  592.0 |
       Dungeon |   2368 |   2299 |     69 |    196 |   1592 |   4 |  592.0 |
               +--------+--------+--------+--------+--------+-----+--------+

Top non-repeatable levels by time:
     D:1: 882 daAuts
     D:3: 771 daAuts
     D:2: 688 daAuts
     D:4: 25 daAuts
